 Dungeon Crawl Stone Soup version 0.28-a0-973-ga7f8b01127 (webtiles) character file.

Game seed: 3826747957899865104

11 cheechan the Sneak (level 2, 0/21 HPs)
             Began as an Octopode Delver on Dec 1, 2021.
             Slain by an orc (7 damage)
             ... on level 4 of the Dungeon.
             The game lasted 00:01:25 (322 turns).

cheechan the Sneak (Octopode Delver)                 Turns: 322, Time: 00:01:26

Health: 0/21       AC:  1    Str: 11    XL:     2   Next: 29%
Magic:  2/2        EV: 13    Int: 12    God:
Gold:   34         SH:  0    Dex: 13    Spells: 1/1 levels left

rFire   . . .      SeeInvis .   a - +0 spear
rCold   . . .      Faith    .   (no shield)
rNeg    . . .      Spirit   .   (helmet restricted)
rPois   +          Reflect  .   (no amulet)
rElec   .          Harm     .   i - ring of poison resistance
rCorr   .          Rampage  .   (no ring)
Will    .....                   (no ring)
Stlth   ++++......              (no ring)
HPRegen 0.07/turn               (no ring)
MPRegen 0.08/turn               (no ring)
                                (no ring)
                                (no ring)

@: no status effects
A: almost no armour, amphibious, 8 rings, camouflage 1, gelatinous body 1,
(nimble swimmer 1), tentacles
a: no special abilities


You were on level 4 of the Dungeon.
You visited 1 branch of the dungeon, and saw 2 of its levels.

You collected 34 gold pieces.

Inventory:

Hand Weapons
 a - a +0 spear (weapon)
Missiles
 g - 29 arrows
Jewellery
 i - a ring of poison resistance (left tentacle)
Wands
 f - a wand of digging (3)
Scrolls
 b - a scroll of fog
 c - a scroll of magic mapping
 d - a scroll of fear
Potions
 e - a potion of haste
 h - a potion of curing {unknown}


   Skills:
 + Level 3.1 Fighting
 + Level 2.1 Polearms
 + Level 2.0 Dodging
 + Level 7.1 Stealth


You had one spell level left.
You didn't know any spells.
Your spell library was empty.

Dungeon Overview and Level Annotations

Branches:
Dungeon (5/15)
 Temple: D:4-7

Altars:

Shops:
D:4 ?


Innate Abilities, Weirdness & Mutations

You cannot wear most types of armour.
You are amphibious.
You can wear up to eight rings at the same time.
Your skin changes colour to match your surroundings (Stealth+).
Your rubbery body absorbs attacks. (AC +1, EV +1)
((You are camouflaged near water. (Stealth+)))
You have tentacles for arms and can constrict up to eight enemies at once.


Message History

You kill the hobgoblin!
Unknown command.
Found a short sword.
Found a tourmaline ring.
Found 9 stones.
You see here a +0 short sword.
i - a ring of poison resistance
i - a ring of poison resistance (left tentacle)
You see here a +0 short sword.
A hobgoblin comes into view.
Reach: a) +0 spear
Press: ? - help, Dir - move target, f - hobgoblin
Aim: a hobgoblin (asleep, about 2% to evade your +0 spear)
You reach to attack!
The helpless hobgoblin fails to defend itself.
You hit the hobgoblin.
The hobgoblin is severely wounded.
Reach: a) +0 spear
Press: ? - help, Dir - move target, f/p - hobgoblin
Aim: a hobgoblin (severely wounded, about 38% to evade your +0 spear)
You closely miss the hobgoblin. You grab the hobgoblin.
The hobgoblin is severely wounded.
You constrict the hobgoblin, but do no damage.
The hobgoblin barely misses you.
Reach: a) +0 spear
Press: ? - help, Dir - move target, f/p - hobgoblin
Aim: a hobgoblin (severely wounded, constricted by you, about 10% to evade your +0 spear)
You hit the hobgoblin.
You kill the hobgoblin!
Unknown command.
You see here a +0 short sword.
A scorpion comes into view.
Found a murky black potion.
The orc shouts!
The orc closely misses you.
The orc hits you from afar with a +0 trident.
The orc barely misses you.
The orc hits you from afar with a +0 trident!
The orc hits you from afar with a +0 trident!
You die...

.........##..###.###.........###.
............####.###.........###.
.......###.... ..##..........##..
........#....###.##..#.......#...
###...#......###.##..#.........#.
##.....##...##...##...........##.
#.......#(..##o###.....######..#.
#.......#...........#.## ##.#.
#...............@##.#.## #.#.
##........#.#.......#..## #.#.
##.)...##...#.###...##..# #...
#.^.....#.....###.#..##.## #...
#.......#...##....##.##..## #...
...........###.#####......# #...
...........#...# #####..# #...
###........#.### #..†# #... #
####.......# #....##..#


You could see an orc.

Vanquished Creatures
  3 orcs
  An endoplasm (D:4)
  3 hobgoblins (D:4)
7 creatures vanquished.

Notes
Turn   | Place    | Note
-------+----------+-------------------------------------------
     0 | D:5      | cheechan the Octopode Delver began the quest for the Orb.
     0 | D:5      | Reached XP level 1. HP: 16/16 MP: 1/1
    53 | D:4      | Reached XP level 2. HP: 21/21 MP: 2/2
    57 | D:4      | Reached skill level 7 in Stealth
   110 | D:4      | Found Peilev's Magic Scroll Emporium.
   297 | D:4      | Noticed a scorpion
   322 | D:4      | Slain by an orc

Illustrated notes

Levels and vault maps discovered:
D:4:      layout_rooms, serial_shops, nicolae_shop_stone
D:5:      layout_basic, gammafunk_ghost_nasty_kobolds

Skill      XL: |  1  2 |
---------------+-------+-----
Stealth        | 7 |  7.1
Fighting       | |  3.1
Polearms       | |  2.1
Dodging        | |  2.0

Action                   || total
-------------------------++-------
Melee: Spear             ||    25
       Constrict         ||     5
       Tentacles         ||     1
 Stab: Sleeping          ||     4
Dodge: Dodged            ||     7

Table legend: (Time is in decaauts)
 A = Elapsed time spent in this place.
 B = Non-inter-level travel time spent in this place.
 C = Inter-level travel time spent in this place.
 D = Time resting spent in this place.
 E = Time spent auto-exploring this place.
 F = Levels seen in this place.
 G = Mean time per level.
                   A        B        C        D        E       F      G
               +--------+--------+--------+--------+--------+-----+--------+
         Total |    321 |    321 |      0 |      0 |      0 |   2 |  160.5 |
       Dungeon |    321 |    321 |      0 |      0 |      0 |   2 |  160.5 |
               +--------+--------+--------+--------+--------+-----+--------+

Top non-repeatable levels by time:
     D:4: 297 daAuts
     D:5: 24 daAuts
